 Dungeon Crawl Stone Soup version 0.24-a0-537-g2d01d4ab0a (webtiles) character file.

Game seed: 6821043802653357352

239 DasRunzen the Skirmisher (level 5, 0/45 HPs)
             Began as a Draconian Skald on Aug 13, 2019.
             Was an Initiate of Okawaru.
             Slain by an ogre
             ... wielding a +0 giant club
              (14 damage)
             ... on level 4 of the Dungeon.
             The game lasted 00:07:46 (3921 turns).

DasRunzen the Skirmisher (Draconian Skald)          Turns: 3921, Time: 00:07:47

Health: 0/45       AC:  7    Str: 13    XL:     5   Next: 79%
Magic:  8/9        EV: 10    Int: 14    God:    Okawaru [......]
Gold:   321        SH:  3    Dex: 11    Spells: 4/9 levels left

rFire    . . .     SeeInvis .   a - +2 spear
rCold    . . .     Gourm    .   e - +0 buckler
rNeg     . . .     Faith    .   (armour unavailable)
rPois    .         Spirit   .   (helmet restricted)
rElec    .         Reflect  .   (no cloak)
rCorr    .         Harm     .   j - +1 pair of gloves
MR       .....                  (no boots)
Stlth    +.........             (no amulet)
HPRegen  0.15/turn              n - -2 ring of evasion (curse)
MPRegen  0.11/turn              (no ring)

@: shrouded (expiring)
A: unfitting armour, cold-blooded, AC +5
a: Renounce Religion


You were on level 4 of the Dungeon.
You worshipped Okawaru.
Okawaru was noncommittal.
You were not hungry.

You visited 2 branches of the dungeon, and saw 5 of its levels.

You collected 321 gold pieces.

Inventory:

Hand Weapons
 a - a +2 spear (weapon)
Armour
 e - a +0 buckler (worn)
 j - a +1 pair of gloves (worn)
Jewellery
 n - a cursed -2 ring of evasion (left hand)
Potions
 d - a potion of heal wounds {unknown}
 f - a potion of cancellation {unknown}
 g - 3 potions of magic
 i - a potion of berserk rage {unknown}
 k - a potion of might {unknown}
 l - 3 potions of curing
 m - 3 potions of agility {unknown}
 o - a potion of lignification {unknown}
Comestibles
 c - 6 rations


   Skills:
 + Level 3.5 Fighting
 + Level 3.0 Polearms
 + Level 3.0 Dodging
 + Level 1.5 Shields
 + Level 2.9 Spellcasting
 + Level 3.4 Charms


You had 4 spell levels left.
You knew the following spells:

 Your Spells              Type           Power        Failure   Level  Hunger
a - Infusion              Chrm           ##..         7%          1    #......
b - Song of Slaying       Chrm           ##......     11%         2    ##.....
c - Shroud of Golubria    Chrm/Tloc      #.....       22%         2    ##.....

Your spell library contained the following spells:

 Spells                   Type           Power        Failure   Level  Hunger
 Regeneration             Chrm/Necr      #.........   41%         3    ###....
 Spectral Weapon          Hex/Chrm       #.......     41%         3    ###....


Dungeon Overview and Level Annotations

Branches:
Dungeon (4/15)             Temple (1/1) D:4

Altars:
Ashenzari
Cheibriados
Dithmenos
Elyvilon
Gozag
Hepliaklqana
Makhleb
Nemelex Xobeh
Okawaru
Qazlal
Sif Muna
Trog
Vehumet
Wu Jian
Xom
Yredelemnul
The Shining One


Innate Abilities, Weirdness & Mutations

Your plain brown scales are hard. (AC +5)
You cannot fit into any form of body armour.
You are cold-blooded and may be slowed by cold attacks.


Message History

You hit the ogre.
The ogre is heavily wounded.
The ogre hits you with a +0 giant club!!
Ouch! That really hurt!
You are too injured to fight recklessly!
You are too injured to fight recklessly!
You are too injured to fight recklessly!
You are too injured to fight recklessly!
Attack whom?
Press: ? - help, Dir - move target cursor, f - ogre
Aim: an ogre, wielding a +0 giant club (heavily wounded)
You puncture the ogre!
The ogre is severely wounded.
Attack whom?
Press: ? - help, Dir - move target cursor, f/p - ogre
Aim: an ogre, wielding a +0 giant club (severely wounded)
You hit the ogre.
The ogre is almost dead.
The ogre hits you with a +0 giant club!
You die...

........####......#......#...
#.......'..#......#..#####
#....>..#..#......#..##..#
#####'###..#......#......#
##....(###'#......#..##..#
##.....#......#########..#
.#.....#......#......##..##
.#.....#......#.......#...#
##..####......##@##...#...#
#####...........O.#...#...# #
#.............+...#...# #
#.............######### .
#.............<. .
#................. .
+.................. #
#..................
....#+####....#+###


You could see an ogre.

Vanquished Creatures
  An orc priest (Temple)
  An orc wizard (Temple)
  A hound skeleton (D:2)
  7 gnolls
  2 adders
  A shadow imp (D:4)
  An ooze (D:1)
  2 worms (D:2)
  3 leopard geckos
  3 orcs
  A ball python (D:3)
  6 bats
  3 giant cockroaches (D:1)
  9 goblins
  7 hobgoblins
  2 jackals (D:3)
  4 kobolds (D:1)
  A quokka (D:3)
  5 frilled lizards
  10 rats
70 creatures vanquished.

Notes
Turn   | Place    | Note
-------+----------+-------------------------------------------
     0 | D:1      | DasRunzen the Draconian Skald began the quest for the Orb.
     0 | D:1      | Reached XP level 1. HP: 17/17 MP: 3/3
   266 | D:1      | Reached XP level 2. HP: 24/25 MP: 5/5
   432 | D:1      | Reached XP level 3. HP: 30/30 MP: 6/6
   596 | D:1      | Found a shadowy altar of Dithmenos.
  1075 | D:2      | Learned a level 2 spell: Song of Slaying
  1078 | D:2      | Learned a level 2 spell: Shroud of Golubria
  1555 | D:3      | Reached XP level 4. HP: 15/38 MP: 4/7
  1877 | D:3      | Found a stormy altar of Qazlal.
  1932 | D:3      | Reached skill level 1 in Shields
  2218 | D:2      | Reached XP level 5. HP: 13/45 MP: 9/9
  3033 | D:4      | Found a basalt altar of Yredelemnul.
  3158 | D:4      | Found a shattered altar of Ashenzari.
  3217 | D:4      | Found a staircase to the Ecumenical Temple.
  3230 | Temple   | Entered the Ecumenical Temple
  3452 | Temple   | Became a worshipper of Warmaster Okawaru
  3910 | D:4      | Noticed an ogre
  3921 | D:4      | Slain by an ogre

Levels and vault maps discovered:
D:1:      minmay_arrival_up_and_down, layout_loops_ring, kennysheep_flooded_box
D:2:      layout_basic, first_ration
D:3:      layout_basic, grunt_qazlal_clouds, serial_bayou, serial_bayou_pond_d,
          serial_bayou_pond_d, serial_bayou_pond_d, serial_bayou_lake_a,
          serial_bayou_crossing
D:4:      layout_gridville, lemuel_doored_altar, yredelemnul_altar_generic,
          minmay_temple_entry_wispy, serial_bayou_pond_d
Temple:   dpeg_chambers_temple

Skill      XL: |  1  2  3  4  5 |
---------------+----------------+-----
Charms         | 3 |  3.4
Fighting       | 3 |  3.5
Shields        | 1 |  1.5
Dodging        | 3 |  3.0
Polearms       | 3 |  3.0
Spellcasting   | |  2.9

Action                   |  1- 3 |  4- 6 || total
-------------------------+-------+-------++-------
Melee: Spear             |   169 |   180 ||   349
       Tailslap          |    14 |    26 ||    40
 Cast: Song of Slaying   |     1 |     1 ||     2
       Infusion          |     1 |       ||     1
       Shroud of Golubri |       |     2 ||     2
  Use: Scroll            |     6 |     6 ||    12
 Stab: Sleeping          |     4 |       ||     4
  Eat: Chunk             |     2 |     5 ||     7
       Ration            |       |     1 ||     1
Armor: Skin              |    27 |    63 ||    90
Dodge: Dodged            |    69 |   131 ||   200
Block: Buckler           |     5 |    40 ||    45

Table legend:
 A = Non-vault XP
 B = Vault XP
 C = Vault XP percentage of total XP
 D = Non-vault monster count
 E = Vault monster count
 F = Vault count percentage of total count
                 A         B        C        D         E       F
            +---------+---------+-------+---------+---------+-------
      Total |     342 |       0 |   0.0 |      70 |       0 |   0.0
            +---------+---------+-------+---------+---------+-------
        D:1 |      53 |       0 |   0.0 |      30 |       0 |   0.0
        D:2 |      54 |       0 |   0.0 |      11 |       0 |   0.0
        D:3 |     129 |       0 |   0.0 |      23 |       0 |   0.0
        D:4 |      32 |       0 |   0.0 |       4 |       0 |   0.0
     Temple |      74 |       0 |   0.0 |       2 |       0 |   0.0
            +---------+---------+-------+---------+---------+-------
